 Dungeon Crawl Stone Soup version 0.20-a0-1086-g4bd2f5b (webtiles) character file.

60 potatolord5000 the Covered (level 4, -4/40 HPs)
             Began as a Hill Orc Fighter on May 1, 2017.
             Was an Initiate of Beogh.
             Slain by a gnoll
             ... wielding a +0 flail
              (11 damage)
             ... on level 3 of the Dungeon.
             The game lasted 00:09:11 (784 turns).

potatolord5000 the Covered (Hill Orc Fighter)        Turns: 784, Time: 00:09:11

Health: -4/40      AC:  7    Str: 19    XL:     4   Next: 6%
Magic:  4/4        EV:  7    Int: 11    God:    Beogh [......]
Gold:   78         SH:  9    Dex: 10    Spells: 3/3 levels left

rFire    . . .     SeeInvis .   h - +0 hand axe (elec)
rCold    . . .     Gourm    .   c - +0 shield
rNeg     . . .     Faith    .   b - +0 scale mail
rPois    .         Spirit   .   g - +0 hat {Int+3}
rElec    .         Reflect  .   (no cloak)
rCorr    .         Harm     .   (no gloves)
MR       .....     Rnd*Tele +   (no boots)
Stlth    ..........             (no amulet)
Regen    0.2/turn               e - ring of teleportation (curse)
MPRegen  0.1/turn               (no ring)

@: no status effects
A: no striking features
a: Renounce Religion


You were on level 3 of the Dungeon.
You worshipped Beogh.
Beogh was noncommittal.
You were not hungry.

You visited 1 branch of the dungeon, and saw 3 of its levels.

You collected 78 gold pieces.

Inventory:

Hand Weapons
 a - a +0 long sword
 h - a +0 hand axe of electrocution (weapon)
Armour
 b - a +0 scale mail (worn)
 c - a +0 shield (worn)
 g - a +0 hat of intelligence (worn)
Jewellery
 e - a cursed ring of teleportation (left hand)
Scrolls
 i - 4 scrolls of identify {unknown}
 l - a scroll of teleportation {unknown}
 m - 2 scrolls of enchant armour {unknown}
 n - a scroll of remove curse {unknown}
 p - a scroll of recharging {unknown}
 q - a scroll of immolation {unknown}
Potions
 d - 2 potions of might
 o - a potion of flight {unknown}
Comestibles
 f - 2 bread rations
 j - 3 meat rations
 k - a royal jelly


   Skills:
 + Level 4.1 Fighting
 - Level 2.2 Long Blades
 + Level 2.0 Axes
 + Level 4.1 Armour
 + Level 3.8 Shields


You had 3 spell levels left.
You didn't know any spells.

Dungeon Overview and Level Annotations

Branches:
Dungeon (3/15)

Altars:
Gozag
Okawaru
Uskayaw
Wu Jian


Message History

There is an open door here.
The gnoll hits you with a spear. You block the gnoll's attack.
The gnoll hits you with a spear! You block the gnoll's attack.
You hit the gnoll.
The gnoll is moderately wounded.
You closely miss the gnoll. The gnoll hits you with a spear.
You block the gnoll's attack. The gnoll hits you with a spear.
You hit the gnoll but do no damage.
The gnoll is moderately wounded.
You miss something. You hit the gnoll. You block something's attack.
The gnoll hits you but does no damage. The gnoll hits you with a spear!
* * * LOW HITPOINT WARNING * * *
You hit the gnoll. Lightning courses through the gnoll!
You kill the gnoll!
Beogh accepts your kill.
Your Axes skill increases to level 2!
You have reached level 4!
You hit the gnoll but do no damage. You barely miss something.
Something hits you!
You die...

##.##.#.# .#.##.#.#
.#......# .#..<...#
######### .#.†....#
#.......# .#.#..#.#
#.......# .†.#..# #
#.......# .....##.##
#....{..# ..........
+....@).#
.....##.####.....g.#
.....##.# #...##'###
.....#... +........#
.....#..###...##.#.######
.....#....... +.).......#
###.##...#.. ##........#
#...#...#.# #........#
#...#...#.# #........#


You could see a gnoll.

Vanquished Creatures
  A gnoll (D:3)
  2 adders (D:2)
  An ooze (D:3)
  A worm (D:2)
  2 bats
  3 giant cockroaches (D:2)
  3 goblins
  5 hobgoblins
  2 kobolds
  2 ball pythons
  A frilled lizard (D:2)
  2 rats (D:1)
25 creatures vanquished.

Vanquished Creatures (others)
  2 rats (D:3)
2 creatures vanquished.

Grand Total: 27 creatures vanquished

Notes
Turn   | Place    | Note
-------+----------+-------------------------------------------
     0 | D:1      | potatolord5000 the Hill Orc Fighter began the quest for the Orb.
     0 | D:1      | Reached XP level 1. HP: 19/19 MP: 1/1
   228 | D:2      | Found a hide-covered altar of Uskayaw.
   243 | D:2      | Reached skill level 1 in Axes
   243 | D:2      | Reached XP level 2. HP: 8/27 MP: 2/2
   268 | D:2      | Became a worshipper of Uskayaw the Reveler
   280 | D:2      | Reached * piety under Uskayaw
   374 | D:2      | Found an ornate altar of the Wu Jian Council.
   406 | D:2      | Reached XP level 3. HP: 33/33 MP: 3/3
   434 | D:2      | Reached ** piety under Uskayaw
   460 | D:2      | Found an iron altar of Okawaru.
   582 | D:3      | Fell from the grace of Uskayaw
   582 | D:3      | Became a worshipper of Beogh the Brigand
   708 | D:3      | Found an opulent altar of Gozag.
   784 | D:3      | Reached XP level 4. HP: 7/40 MP: 4/4
   784 | D:3      | Slain by a gnoll

Vault maps used:
D:1:      onia_arrival_pyramid
D:2:      okawaru_trees_2, nicolae_overflow_crystal_walls, lemuel_crystal_altar,
          eat_drink_and_be_merry_uskayaw
D:3:      tso_oasis_becter, nicolae_gozag_cash_rules_everything_around_me

Skill      XL: |  1  2  3 |
---------------+----------+-----
Axes           | 1 2 |  2.0
Fighting       | 4 |  4.1
Armour         | 4 |  4.1
Long Blades    | |  2.2
Shields        | |  3.8

Action                   |  1- 3 |  4- 6 || total
-------------------------+-------+-------++-------
Melee: Hand axe          |    81 |       ||    81
Invok: Stomp             |     1 |       ||     1
       Convert to Beogh  |     1 |       ||     1
  Use: Potion            |     3 |       ||     3
Armor: Scale mail        |    37 |       ||    37
Dodge: Dodged            |    27 |       ||    27
Block: Shield            |    59 |       ||    59
